 Dungeon Crawl Stone Soup version 0.25-a0-469-gd9b0b5b (webtiles) character file.

Game seed: 6763150903224645854, levelgen mode: deterministic

34067 southernslant the Nimble (level 13, -1/109 HPs)
             Began as a Merfolk Gladiator on Jan 31, 2020.
             Was an Elder of Fedhas.
             Killed from afar by a rime drake (13 damage)
             ... with a flash freeze
             ... on level 6 of the Lair of Beasts on Feb 5, 2020.
             The game lasted 01:25:02 (15337 turns).

southernslant the Nimble (Merfolk Gladiator)       Turns: 15337, Time: 01:25:11

Health: -1/109     AC: 14    Str: 18    XL:     13   Next: 75%
Magic:  20/20      EV: 22    Int:  9    God:    Fedhas [****..]
Gold:   500        SH:  6    Dex: 17    Spells: 12/12 levels left

rFire    + . .     SeeInvis +   P - +5 trident
rCold    . . .     Gourm    .   R - +0 buckler
rNeg     . . .     Faith    .   y - +4 scale mail {rF+}
rPois    .         Spirit   .   c - +0 helmet
rElec    .         Reflect  .   O - +0 cloak
rCorr    +         Harm     .   g - +0 pair of gloves
MR       .....                  (boots currently unavailable)
Stlth    +++.......             L - amulet of regeneration
HPRegen  0.68/turn              o - ring of resist corrosion
MPRegen  0.17/turn              (no ring)

@: very quick
A: change form in water, swift swim, stealthy swim, see invisible, clever 1
a: Wall of Briars, Grow Ballistomycete, Overgrow, Renounce Religion


You were on level 6 of the Lair of Beasts.
You worshipped Fedhas.
Fedhas was greatly pleased with you.
You were hungry.

You visited 3 branches of the dungeon, and saw 16 of its levels.

You collected 845 gold pieces.
You spent 345 gold pieces at shops.

Inventory:

Hand Weapons
 b - a +0 glaive
 N - a +2 quarterstaff of chaos
 P - a +5 trident (weapon)
Missiles
 d - a throwing net
 z - 8 javelins (quivered)
 D - 11 boomerangs
 K - 79 arrows
Armour
 c - a +0 helmet (worn)
 g - a +0 pair of gloves (worn)
 r - +0 pearl dragon scales
 y - a +4 scale mail of fire resistance (worn)
 O - a +0 cloak (worn)
 R - a +0 buckler (worn)
Magical Staves
 C - an uncursed staff of poison {unknown}
Jewellery
 a - an uncursed amulet of the acrobat {unknown}
 o - a ring of resist corrosion (left hand)
 L - an amulet of regeneration (around neck)
 X - a +3 ring of intelligence
Wands
 k - a wand of disintegration (9)
 H - a wand of random effects (21)
 S - a wand of flame (41)
 T - a wand of iceblast (8)
Scrolls
 e - 2 scrolls of enchant weapon
 i - a scroll of blinking {unknown}
 j - 4 scrolls of magic mapping
 m - 4 scrolls of enchant armour
 n - a scroll of holy word {unknown}
 p - 3 scrolls of amnesia
 s - 7 scrolls of remove curse
 t - a scroll of identify
 u - 2 scrolls of fear {unknown}
 B - 5 scrolls of fog
 F - a scroll of random uselessness {unknown}
 G - a scroll of brand weapon {unknown}
 J - 3 scrolls of immolation
 U - 4 scrolls of teleportation
Potions
 h - 3 potions of invisibility {unknown}
 q - 4 potions of magic {unknown}
 v - 2 potions of brilliance {unknown}
 w - 2 potions of ambrosia {unknown}
 A - 4 potions of heal wounds {unknown}
 E - a potion of haste
 I - a potion of might
 Z - 2 potions of agility {unknown}
Miscellaneous
 x - a box of beasts
 V - a crystal ball of energy
Comestibles
 f - 28 rations
 l - 11 chunks of flesh


   Skills:
 * Level 12.5 Fighting
 + Level 11.6 Polearms
 + Level 7.7 Throwing
 + Level 4.8 Armour
 + Level 12.6 Dodging
 - Level 5.0 Stealth
 * Level 7.5 Shields
 * Level 10.2 Invocations
 - Level 2.2 Evocations


You had 12 spell levels left.
You didn't know any spells.
Your spell library contained the following spells:

 Spells                   Type           Power        Failure   Level  Hunger
 Foxfire                  Conj/Fire      #...         77%         1    ##.....
 Cause Fear               Hex            #.........   100%        4    #####..
 Dragon Form              Tmut           #.........   100%        7    #######
 Dragon's Call            Summ           #.........   100%        9    #######


Dungeon Overview and Level Annotations

Branches:
Dungeon (9/15)             Temple (0/1) D:4            Lair (6/6) D:9
  Swamp (1/4) Lair:2        Snake (0/4) Lair:3        Slime (0/5) Lair:5
    Orc (0/2) D:9

Altars:
Cheibriados
Dithmenos
Elyvilon
Fedhas
Hepliaklqana
Kikubaaqudgha
Makhleb
Nemelex Xobeh
Okawaru
Ru
Trog
Xom
Yredelemnul
Zin
Jiyva

Shops:
D:6 *   D:7 *

Portals:
Abyss: D:7

Annotations:
D:4 3 runed translucent doors, CowFu's ghost, weakling DrTm
D:7 2 transporters, brae's ghost, novice DsGl


Innate Abilities, Weirdness & Mutations

You revert to your normal form in water.
You are very nimble and swift while swimming.
You are very stealthy in the water. (Stealth+)
You have supernaturally acute eyesight. (SInv)
Your mind is acute. (Int +2)


Message History

Aim: a merfolk avatar (mesmerising, chance to defeat MR: 4%)
The merfolk avatar resists with almost no effort.
The pull of its song draws you forwards.
The merfolk avatar chants its luring song.
A polar bear comes into view.
The polar bear growls angrily.
You cannot move away from the merfolk avatar!
Evoke which item? (* to show all) (? for menu, Esc to quit)
Aiming: Random Effects
Press: ? - help, Shift-Dir - straight line, f/p - merfolk avatar
Aim: a merfolk avatar (mesmerising)
The merfolk avatar resists with almost no effort.
Your surroundings suddenly seem different.
Floosh!
You are no longer entranced.
A rime drake comes into view.
The rime drake breathes ice at you. The flash freeze hits you!
You die...
Fedhas appreciates your contribution to the ecosystem.

≈#....... ...#.
#P....#.# ....#
......P.##...P.
...............
.......≈....≈..
......#≈≈≈≈≈≈≈P
.......≈≈≈≈≈≈≈≈
.......@≈≈≈≈≈≈≈
.......≈≈≈≈≈≈≈.
......≈≈≈≈≈;≈≈≈
.....k.≈≈≈≈≈≈≈.
......#≈≈≈≈≈≈≈.
......#.PP≈≈≈..
...............
...............


You could see a rime drake and an electric eel.

Vanquished Creatures
  Kirke (Lair:4)
  Snorg (Lair:4)
  Harold (D:8)
  4 hydras
  A two-headed ogre (D:8)
  A sea snake (Lair:6)
  16 elephants
  2 black mambas
  A rime drake (Lair:4)
  3 spiny frogs
  5 komodo dragons
  A tengu conjurer (D:8)
  A polar bear (Lair:6)
  3 hornets
  12 hippogriffs
  8 spriggans
  2 wyverns
  6 hogs
  22 yaks
  3 basilisks
  A steam dragon (D:9)
  Menkaure (D:6)
  3 nagas (Lair:3)
  13 porcupines
  3 orc warriors (D:9)
  10 water moccasins
  A swamp drake (D:9)
  2 black bears (D:6)
  An ice beast (D:9)
  2 sky beasts
  2 boggarts (Lair:4)
  3 centaurs
  6 ogres
  10 wolves
  15 crocodiles
  8 bullfrogs
  3 scorpions
  A howler monkey (D:5)
  8 crimson imps
  3 hounds
  Crazy Yiuf (D:6)
  A centaur skeleton (D:6)
  6 orc priests
  An iguana (D:7)
  4 orc wizards
  10 worker ants
  The ghost of shmesh the Skirmisher, a weakling DsWn of Okawaru (D:5)
  A hound zombie (D:7)
  2 hound skeletons
  4 gnolls (D:2)
  A howler monkey skeleton (D:5)
  13 adders
  2 shadow imps
  3 oozes
  2 adder zombies
  3 worms
  3 adder skeletons
  A dart slug (D:1)
  2 leopard geckos
  24 orcs
  2 ball pythons (D:1)
  8 giant cockroaches
  8 hobgoblins
  7 jackals
  7 kobolds
  2 quokkas
  12 bats
  5 frilled lizards
  6 goblins
  A leopard gecko skeleton (D:6)
  A quokka zombie (D:7)
  11 rats
345 creatures vanquished.

Vanquished Creatures (collateral kills)
  A spiny frog (Lair:4)
  A rime drake (Lair:6)
  A wind drake (Lair:6)
  A hornet (Lair:4)
  A dream sheep (Lair:4)
  6 spriggans (Lair:4)
  A yak (Lair:4)
  2 wyverns
  A water moccasin (Lair:6)
  A boggart (Lair:4)
  A wolf (Lair:6)
  A crocodile (Lair:6)
  3 killer bees (D:9)
  12 ballistomycete spores
33 creatures vanquished.

Vanquished Creatures (others)
  An orc (D:9)
  2 ballistomycete spores (Lair:4)
  12 bushes
  5 fungi
  23 plants
43 creatures vanquished.

Grand Total: 421 creatures vanquished

Notes
Turn   | Place    | Note
-------+----------+-------------------------------------------
     0 | D:1      | southernslant the Merfolk Gladiator began the quest for the
                  | Orb.
     0 | D:1      | Reached XP level 1. HP: 16/16 MP: 1/1
     0 | D:1      | Upgraded the game from 0.25-a0-443-gece2dee to
                  | 0.25-a0-469-gd9b0b5b
    73 | D:1      | Reached XP level 2. HP: 15/23 MP: 2/2
   278 | D:1      | You fall into a shaft and drop 1 floor!
   317 | D:2      | Reached XP level 3. HP: 15/28 MP: 3/3
   394 | D:2      | Found a blossoming altar of Fedhas.
   402 | D:2      | Became a worshipper of Fedhas Madash
   445 | D:2      | Reached skill level 5 in Dodging
   449 | D:2      | Reached XP level 4. HP: 34/35 MP: 4/4
  1069 | D:1      | Reached * piety under Fedhas
  1459 | D:3      | Reached XP level 5. HP: 42/42 MP: 5/5
  1647 | D:3      | Found a sacrificial altar of Ru.
  1671 | D:3      | Found a basalt altar of Yredelemnul.
  1952 | D:3      | Reached ** piety under Fedhas
  1986 | D:3      | Found a sparkling altar of Nemelex Xobeh.
  2127 | D:3      | Found a faded altar of an unknown god.
  2196 | D:4      | Noticed an ogre
  2202 | D:4      | Killed an ogre
  2202 | D:4      | Reached skill level 1 in Invocations
  2202 | D:4      | Reached XP level 6. HP: 48/48 MP: 5/7
  2251 | D:4      | Reached skill level 1 in Armour
  2252 | D:4      | Gained mutation: Your mind is acute. (Int +2) [potion of
                  | mutation]
  2252 | D:4      | Gained mutation: You have supernaturally acute eyesight.
                  | (SInv) [potion of mutation]
  2261 | D:4      | HP: 2/49 [poisoned by a worker ant]
  2266 | D:4      | HP: 3/73 [poisoned by a worker ant]
  2271 | D:4      | HP: 2/73 [poisoned by a worker ant]
  2512 | D:4      | Found a staircase to the Ecumenical Temple.
  2646 | D:4      | Noticed an ice beast
  2646 | D:4      | Noticed CowFu's ghost (weakling DrTm)
  2646 | D:4      | Noticed an ice beast
  2704 | D:4      | Reached XP level 7. HP: 55/55 MP: 8/8
  2723 | D:4      | Reached skill level 5 in Fighting
  2761 | D:4      | Found a runed translucent gate.
  2763 | D:4      | Found a runed translucent gate.
  2764 | D:4      | Found a runed translucent gate.
  2995 | D:4      | Found a hazy altar of Hepliaklqana.
  3038 | D:4      | Found a shadowy altar of Dithmenos.
  3226 | D:5      | Entered Level 5 of the Dungeon
  3305 | D:5      | Found a shimmering altar of Xom.
  3342 | D:5      | Found a glowing silver altar of Zin.
  3452 | D:5      | Found a burning altar of Makhleb.
  3526 | D:5      | Found a large runed translucent door.
  3526 | D:5      | Found a large runed translucent door.
  3529 | D:5      | Noticed shmesh's ghost (weakling DsWn)
  3942 | D:5      | Killed shmesh's ghost
  3990 | D:6      | Found a runed translucent door.
  3991 | D:6      | Noticed Crazy Yiuf
  4142 | D:6      | Reached *** piety under Fedhas
  4193 | D:6      | Reached XP level 8. HP: 16/64 MP: 10/10
  4474 | D:6      | Found Ileolyh's Assorted Antiques.
  4481 | D:6      | Bought 3 scrolls labeled RIGIPP JOFAG for 66 gold pieces
  4481 | D:6      | Bought a large malachite amulet for 110 gold pieces
  4487 | D:6      | Found a bloodstained altar of Trog.
  5063 | D:6      | Noticed Menkaure
  5072 | D:6      | Killed Menkaure
  5072 | D:6      | Reached skill level 5 in Polearms
  5072 | D:6      | Reached skill level 5 in Invocations
  5228 | D:6      | Killed Crazy Yiuf
  5414 | D:7      | Noticed a wyvern
  5427 | D:7      | Killed a wyvern
  5427 | D:7      | Reached XP level 9. HP: 50/72 MP: 11/13
  5564 | D:7      | Found a transporter.
  5566 | D:7      | Noticed an ancient zyme
  5734 | D:7      | Noticed brae's ghost (novice DsGl)
  5738 | D:7      | Found a one-way gate to the infinite horrors of the Abyss.
  5739 | D:7      | Noticed a thrashing horror
  5751 | D:7      | Found a transporter.
  5860 | D:7      | Found a white marble altar of Elyvilon.
  5924 | D:7      | Found Cerchiq's Assorted Antiques.
  5932 | D:7      | Bought a glowing trident for 169 gold pieces
  5980 | D:7      | Reached **** piety under Fedhas
  6061 | D:7      | Reached skill level 1 in Stealth
  6484 | D:8      | Noticed Harold
  6508 | D:8      | Killed Harold
  6508 | D:8      | Reached XP level 10. HP: 49/82 MP: 15/15
  6659 | D:8      | Noticed a two-headed ogre
  6671 | D:8      | Killed a two-headed ogre
  6756 | D:8      | Found a snail-covered altar of Cheibriados.
  6819 | D:8      | Reached skill level 5 in Throwing
  6855 | D:8      | Found a snail-covered altar of Cheibriados.
  6855 | D:8      | Noticed a tengu warrior
  7617 | D:9      | Reached skill level 10 in Polearms
  7804 | D:9      | Reached skill level 1 in Shields
  7804 | D:9      | Reached skill level 1 in Evocations
  8009 | D:9      | Reached XP level 11. HP: 84/90 MP: 16/16
  8102 | D:9      | Found a staircase to the Lair.
  8248 | D:9      | Found a basalt altar of Yredelemnul.
  8249 | D:9      | Found an ancient bone altar of Kikubaaqudgha.
  8249 | D:9      | Found an iron altar of Okawaru.
  8388 | D:9      | Reached skill level 10 in Fighting
  8626 | D:9      | Found a staircase to the Orcish Mines.
  8726 | D:9      | Reached ***** piety under Fedhas
  8841 | Lair:1   | Entered Level 1 of the Lair of Beasts
  9315 | Lair:1   | Reached skill level 10 in Dodging
  9840 | Lair:2   | Noticed a six-headed hydra
  9993 | Lair:2   | Found a staircase to the Swamp.
 10017 | Swamp:1  | Entered Level 1 of the Swamp
 10017 | Swamp:1  | Noticed a shambling mangrove
 10017 | Swamp:1  | Noticed a shambling mangrove
 10017 | Swamp:1  | Noticed an eight-headed hydra
 10018 | Swamp:1  | Noticed a six-headed hydra
 10154 | Lair:2   | Killed a six-headed hydra
 11114 | Lair:3   | Reached XP level 12. HP: 98/99 MP: 18/18
 11116 | Lair:3   | Found a staircase to the Snake Pit.
 11594 | Lair:4   | Noticed a spriggan rider
 11705 | Lair:4   | Noticed a spriggan rider
 11879 | Lair:4   | Noticed a spriggan rider
 11891 | Lair:4   | Reached skill level 5 in Stealth
 11896 | Lair:4   | Reached skill level 5 in Shields
 12547 | Lair:4   | Noticed a five-headed hydra
 12567 | Lair:4   | Killed a five-headed hydra
 13068 | Lair:4   | Reached XP level 13. HP: 72/107 MP: 20/20
 13294 | Lair:5   | Noticed Snorg
 13309 | Lair:5   | HP: 3/107 [Snorg (9)]
 13796 | Lair:5   | Noticed Kirke
 14113 | Lair:4   | Killed Kirke
 14114 | Lair:4   | Killed Snorg
 14507 | Lair:5   | Found a viscous altar of Jiyva.
 14507 | Lair:5   | Found a staircase to the Slime Pits.
 14786 | Lair:6   | Entered Level 6 of the Lair of Beasts
 14860 | Lair:6   | Reached skill level 10 in Invocations
 15024 | Lair:6   | Paralysed by a hornet for 1 turns
 15337 | Lair:6   | Killed from afar by a rime drake

Levels and vault maps discovered:
D:1:      erik_arrival_triangle_medium, layout_loops_ring
D:2:      layout_basic, nicolae_overflow_crystal_walls
D:3:      layout_loops_ring, nicolae_overflow_hidden_temple, marbit_many_paths,
          chequers_ecumenical_altar_lobes, lemuel_altar_in_water
D:4:      layout_rooms, lemuel_doored_altar, lemuel_coloured_pillars_altar,
          minmay_temple_entry_junction, gammafunk_ghost_icy, first_ration,
          minmay_cut_off
D:5:      layout_gridville, lemuel_round_altar, overflow_temple_1_default,
          basic_altar, ebering_ghost_disaster_area
D:6:      layout_loops_corners, trog_ov_bears_minmay, serial_shops,
          nicolae_shop_competitors_out_of_business, uniq_menkaure,
          uniq_crazy_yiuf_cottage
D:7:      kennysheep_six_static_rooms, layout_rooms, elyvilon_altar_1,
          gammafunk_ghost_abyssal_escape, serial_shops, shop, the_bakery
D:8:      layout_basic, cheibriados_altar_1, lemuel_statue_altar, uniq_harold
D:9:      layout_irregular_city, gammafunk_temple_overflow_claw,
          minmay_lair_entry_grove, erik_orc_1, chequers_serial_rivers_micro_d
Lair:1:   layout_regular_city, lightli_volcano_entry_magma_tube
Lair:2:   layout_long_grid, swamp_mist, infiniplex_staircase_pool_2,
          lemuel_fruit_tree, lemuel_fruit_fields, serial_bayou_shore_b,
          lemuel_fruit_fields
Lair:3:   layout_loops_ring, minmay_snake_entry_guardpost_small
Lair:4:   kb_forest_paths, layout_gridlike, st_stairs_12,
          grunt_forest_large_clearing_hut
Lair:5:   layout_misc_corridors, dpeg_slime_entry_enclosed_altar, uniq_snorg,
          uniq_kirke
Lair:6:   gammafunk_lair_ancient_temple, layout_gridlike, grunt_megastairs_5
Swamp:1:  layout_falls_marsh, hangedman_swamp_ruin_wall, uniq_frances

Skill      XL: |  1  2  3  4  5  6  7  8  9 10 11 12 13 |
---------------+----------------------------------------+-----
Fighting       | 3 4 5 7 8 9 10 11 12 | 12.5
Dodging        | 5 6 7 8 9 10 12 | 12.6
Throwing       | 3 4 5 6 7 |  7.7
Invocations    | 1 2 3 5 7 9 10 | 10.2
Armour         | 1 2 3 4 |  4.8
Polearms       | 6 9 10 11 | 11.6
Stealth        | 2 3 4 5 |  5.0
Shields        | 1 4 6 7 |  7.5
Evocations     | 1 2 |  2.2

Action                   |  1- 3 |  4- 6 |  7- 9 | 10-12 | 13-15 || total
-------------------------+-------+-------+-------+-------+-------++-------
Melee: Trident           |    79 |   203 |   189 |   780 |   337 ||  1588
       Halberd           |       |       |   107 |    24 |       ||   131
       Tailslap          |       |       |       |     8 |    18 ||    26
Throw: Javelin           |       |    15 |    75 |    59 |     6 ||   155
       Dart              |       |       |    12 |    24 |     7 ||    43
       Boomerang         |       |       |    10 |    25 |     7 ||    42
       Throwing net      |       |       |     7 |    13 |     4 ||    24
Invok: Wall of Briars    |       |       |       |     4 |     5 ||     9
       Grow Ballistomyce |       |       |       |     3 |     2 ||     5
       Overgrow          |       |       |       |     3 |       ||     3
       Grow Oklob        |       |       |       |     1 |       ||     1
Evoke: Wand              |       |       |       |       |     2 ||     2
  Use: Potion            |       |     3 |     2 |     8 |     4 ||    17
       Scroll            |       |       |     5 |     9 |     7 ||    21
 Stab: Sleeping          |       |     3 |     1 |    10 |     2 ||    16
       Held in net/web   |       |       |     4 |    10 |     1 ||    15
       Invisible         |       |       |       |     4 |     4 ||     8
       Confused          |       |       |       |     1 |       ||     1
       Distracted        |       |       |       |     1 |       ||     1
  Eat: Chunk             |       |     6 |     5 |    17 |     8 ||    36
       Ration            |       |       |     2 |     2 |       ||     4
Armor: Leather armour    |    12 |    37 |    45 |    19 |       ||   113
       Skin              |       |       |     3 |       |       ||     3
       Ring mail         |       |       |       |    96 |       ||    96
       Scale mail        |       |       |       |     4 |    95 ||    99
Dodge: Dodged            |    44 |   136 |   199 |   444 |   222 ||  1045
Block: Buckler           |       |       |       |   131 |    90 ||   221

Table legend:
 A = Non-vault XP
 B = Vault XP
 C = Vault XP percentage of total XP
 D = Non-vault monster count
 E = Vault monster count
 F = Vault count percentage of total count
                 A         B        C        D         E       F
            +---------+---------+-------+---------+---------+-------
      Total |   30308 |   18360 |  37.7 |     273 |      93 |  25.4
            +---------+---------+-------+---------+---------+-------
        D:1 |      43 |       0 |   0.0 |      26 |       0 |   0.0
        D:2 |      93 |       0 |   0.0 |      20 |       0 |   0.0
        D:3 |     113 |       2 |   1.7 |      29 |       1 |   3.3
        D:4 |     606 |       6 |   1.0 |      15 |       2 |  11.8
        D:5 |     125 |      24 |  16.1 |       9 |       1 |  10.0
        D:6 |     544 |     463 |  46.0 |      19 |       4 |  17.4
        D:7 |    2084 |     531 |  20.3 |      21 |       7 |  25.0
        D:8 |    1644 |     976 |  37.3 |      12 |       1 |   7.7
        D:9 |    2444 |    1982 |  44.8 |      31 |      27 |  46.6
     Lair:1 |    3235 |       0 |   0.0 |      16 |       0 |   0.0
     Lair:2 |    2864 |       0 |   0.0 |      10 |       0 |   0.0
     Lair:3 |    1023 |     483 |  32.1 |       6 |       3 |  33.3
     Lair:4 |    9082 |    7920 |  46.6 |      30 |      28 |  48.3
     Lair:5 |    3597 |     392 |   9.8 |      15 |       2 |  11.8
     Lair:6 |    2811 |    5581 |  66.5 |      14 |      17 |  54.8
            +---------+---------+-------+---------+---------+-------
